Map: White Rabbit LE

Players

CodyB

  • Race: Zerg Zerg
  • League: Silver
  • Spawn Location: 1:00

dbrophy - Winner!

  • Race: Terran Terran
  • Spawn Location: 7:00

VOD

Have the link to the VOD?

Description

Time

  • Played on: June 22, 2026, 12:01 a.m.
  • Length: 8:10
Show
View Real Time Build Order
Export as new Build Order

CodyB Zerg 

Build Orders: Hatch First 

Get SALT Encoding   

  12  0:00  Drone  
  13  0:13  Overlord  
  13  0:17  Drone  
  14  0:31  Drone x2  
  16  0:39  Drone  
  17  0:51  Hatchery  
  17  0:54  Drone  
  17  0:57  Drone  
  18  1:08  Extractor  
  17  1:12  Spawning Pool  
  17  1:15  Drone  
  17  1:19  Drone  
  18  1:28  Drone  
  19  1:39  Drone  
  20  2:03  Queen x2  
  20  2:05  Zergling x6  
  27  2:13  Metabolic Boost  
  27  2:16  Overlord  
  27  2:20  Drone  
  28  2:36  Drone  
  29  2:39  Queen x2, Drone  
  34  2:58  Overlord  
  34  2:59  Drone  
  34  3:01  Drone  
  34  3:02  Overlord  
  36  3:24  Drone x8  
  36  3:26  Overlord  
  44  3:41  Overlord  
  44  3:48  Spore Crawler  
  43  3:57  Spore Crawler  
  42  4:03  Drone x9  
  42  4:07  Extractor  
  42  4:09  Extractor  
  49  4:11  Roach Warren  
  49  4:15  Evolution Chamber  
  49  4:16  Drone x2  
  49  4:18  Evolution Chamber  
  49  4:22  Spore Crawler  
  47  4:29  Spore Crawler  
  46  4:31  Drone x6  
  46  4:32  Spore Crawler  
  51  4:44  Extractor  
  50  4:47  Spore Crawler  
  49  4:53  Spore Crawler  
  48  5:00  Drone x6  
  48  5:03  Zerg Missile Weapons Level 1, Zerg Ground Armor Level 1  
  48  5:04  Spore Crawler  
  53  5:12  Roach  
  53  5:13  Roach x2  
  59  5:14  Overlord  
  59  5:34  Roach  
  59  5:35  Roach x3  
  67  5:36  Overlord x2  
  67  5:53  Spine Crawler  
  67  5:54  Spine Crawler x2  
  67  5:56  Roach  
  68  5:57  Roach x5  
  76  6:09  Lair  
  76  6:20  Drone x2  
  76  6:24  Drone x4  
  65  7:01  Roach x6  
  61  7:02  Roach  
  73  7:18  Roach x2  
  71  7:35  Spine Crawler, Roach x3  
  71  7:36  Roach  
  64  7:47  Roach  
  64  7:48  Roach  
Show
View Real Time Build Order
Export as new Build Order

dbrophy Terran - Winner!

Build Orders:  

Get SALT Encoding   

  12  0:02  SCV  
  13  0:14  SCV  
  13  0:17  Supply Depot  
  14  0:26  SCV  
  15  0:39  SCV  
  15  0:42  Barracks  
  16  0:47  Refinery  
  16  0:51  SCV  
  17  1:03  SCV  
  18  1:18  SCV  
  19  1:30  SCV  
  20  1:36  Command Center  
  20  1:42  Orbital Command  
  20  1:44  Barracks Reactor  
  20  2:05  Barracks  
  20  2:10  SCV  
  21  2:21  Marine x2  
  23  2:25  Supply Depot  
  23  2:28  Factory  
  23  2:44  Supply Depot, Refinery  
  23  2:46  Marine x2, SCV  
  26  2:56  Orbital Command  
  26  3:04  Marine x2  
  28  3:19  Supply Depot  
  28  3:21  Barracks Tech Lab  
  28  3:24  Marine x2  
  30  3:32  Factory Tech Lab  
  30  3:36  SCV x2  
  30  3:39  Barracks  
  32  3:42  Marine  
  32  3:43  Stimpack  
  32  3:44  Marine  
  32  3:47  Marauder  
  36  3:48  SCV x2  
  38  4:06  Starport  
  38  4:13  Siege Tank  
  41  4:17  Marine x3  
  44  4:24  Refinery  
  44  4:25  SCV x2  
  44  4:26  Refinery  
  44  4:30  Barracks Reactor  
  46  4:35  Marine x3  
  46  4:37  SCV  
  46  4:38  Supply Depot  
  50  4:42  Starport Reactor  
  50  4:53  Marine x3  
  50  4:54  Siege Tank  
  56  5:01  SCV  
  56  5:02  SCV  
  58  5:07  Supply Depot, Marine x2  
  58  5:13  Marine x2, SCV  
  58  5:14  SCV  
  64  5:15  Marine  
  65  5:22  Medivac  
  65  5:25  Medivac  
  65  5:26  SCV  
  70  5:28  SCV  
  70  5:33  Supply Depot  
  71  5:36  Supply Depot  
  71  5:41  Engineering Bay  
  71  6:00  Marine x4, Marauder  
  71  6:02  Medivac  
  79  6:05  Medivac  
  79  6:08  SCV  
  79  6:09  SCV  
  83  6:15  Siege Tank  
  83  6:18  Marine  
  87  6:20  Combat Shield  
  87  6:21  SCV  
  88  6:38  Marine  
  88  6:39  Marauder  
  80  6:57  Marine  
  80  7:00  Marauder  
  79  7:23  Barracks  
  79  7:25  Barracks  
  79  7:27  Siege Tank  
  78  7:30  Barracks  
  76  7:39  Command Center  
Tags
 
League
Silver
Matchup
TvZ
Spawn Locations
Cross Positions
Add a new tag
Caveats
  • Supply blocks, unpowered buildings, or Contaminate may cause inaccurate times.
  • Supply counts are checked every 10 seconds.